AoeStats
← Michi3052

Arena

505022369Analyzed
1v1 RM · 26d ago on Sep 7, 2026· 47m 22s· 2 players
Game mode
Random Map
Map size
Tiny (2 player)
Population
200
Speed
Normal
Resources
Standard
Victory
Conquest
Starting age
Dark Age
Ending age
Imperial Age
RankedLock teamsTeams togetherTeam positionsShared explorationLock speedFull tech treeHidden civsTurbo modeCheats
Victory
Defeat
🇮🇳 Turks · India
702
+15
🇪🇸 Turks · Spain
689
-15
Michi3052
12:54 Feudal Age
13:55 Double-Bit Axe
16:36 Wheelbarrow
18:57 Castle Age
26:24 Imperial Age
26:37 Loom
29:30 Hand Cart
29:36 Fletching
31:55 Town Watch
35:21 Gold Mining
35:22 Stone Mining
35:15 Horse Collar
39:50 Bow Saw
40:15 Ballistics
40:07 Masonry
44:56 Padded Archer Armor
44:53 Bodkin Arrow
VeerKnight
10:30 Feudal Age
10:58 Double-Bit Axe
11:56 Horse Collar
18:22 Castle Age
26:55 Bow Saw
26:51 Heavy Plow
31:03 Imperial Age
31:42 Imperial Age
29:01 Town Watch
29:52 Wheelbarrow
29:07 Loom
30:30 Bloodlines
30:23 Husbandry
30:41 Forging
30:41 Scale Barding Armor
32:32 Iron Casting
32:00 Heavy Camel Rider
33:52 Two-Man Saw
33:28 Chain Barding Armor
35:09 Plate Barding Armor
35:17 Conscription
36:12 Blast Furnace
36:28 Ballistics
36:05 Murder Holes
39:07 Fletching
39:32 Thumb Ring
39:34 Padded Archer Armor
39:52 Artillery
40:54 Leather Archer Armor
43:10 Bodkin Arrow
Connection lost

Rejoining the realm…

Still unreachable

The connection could not be restored.

Session expired

The server has moved on; the page needs a fresh start.